 Dungeon Crawl Stone Soup version 0.27-a0-1193-g8631133539 (webtiles) character file.

Game seed: 6024015884718817561

184 Wyvernaa the Covered (level 5, -1/33 HPs)
             Began as a Gargoyle Fighter on May 26, 2021.
             Slain by a phantom (6 damage)
             ... on level 3 of the Dungeon.
             The game lasted 00:12:54 (4319 turns).

Wyvernaa the Covered (Gargoyle Fighter)             Turns: 4319, Time: 00:12:54

Health: -1/33      AC: 11    Str: 20    XL:     5   Next: 64%
Magic:  5/5        EV:  7    Int:  9    God:
Gold:   145        SH:  0    Dex:  9    Spells: 4/4 levels left

rFire    . . .     SeeInvis .   a - +1 flail
rCold    . . .     Faith    .   c - +0 kite shield
rNeg     + . .     Spirit   .   b - +0 scale mail
rPois    ∞         Reflect  .   (no helmet)
rElec    +         Harm     .   (no cloak)
rCorr    .         Rampage  .   (no gloves)
Will     .....                  (no boots)
Stlth    ..........             g - amulet of the acrobat
HPRegen  0.11/turn              (no ring)
MPRegen  0.09/turn              (no ring)

@: confused, ambrosia-drunk
A: sickness immunity, AC +4, negative energy resistance 1, electricity
resistance, torment resistance 1, petrification resistance
a: no special abilities


You were on level 3 of the Dungeon.
You visited 1 branch of the dungeon, and saw 4 of its levels.

You collected 145 gold pieces.

Inventory:

Hand Weapons
 a - a +1 flail (weapon)
Armour
 b - a +0 scale mail (worn)
 c - a +0 kite shield (worn)
 d - a +0 plate armour
Jewellery
 g - an amulet of the acrobat (around neck)
 l - a +4 ring of protection
Scrolls
 f - a scroll of enchant armour
Potions
 i - 2 potions of mutation
 j - a potion of ambrosia


   Skills:
 + Level 3.8 Fighting
 * Level 3.7 Maces & Flails
 + Level 4.6 Armour
 + Level 0.4 Dodging
 - Level 1.0 Stealth
 + Level 3.8 Shields


You had 4 spell levels left.
You didn't know any spells.
Your spell library was empty.

Dungeon Overview and Level Annotations

Branches:
Dungeon (4/15)
 Temple: D:4-7

Altars:

Shops:
D:1 :

Annotations:
D:4 Eustachio


Innate Abilities, Weirdness & Mutations

You are immune to sickness and miasma.
Your stone body is resilient. (AC +4)
You are immune to poison.
You resist negative energy. (rN+)
You are resistant to electric shocks. (rElec)
You are resistant to unholy torment.
You are immune to petrification.


Message History

You block the hound's attack. x2
The phantom hits you but does no damage.
You closely miss the phantom.
The phantom is severely damaged.
You block the hound's attack. The hound bites you.
The phantom barely misses you. The hound bites you.
You miss the phantom.
The phantom is severely damaged.
You block the phantom's attack. You block the hound's attack.
The phantom hits you but does no damage.
You block the hound's attack.
You miss the phantom.
The phantom is severely damaged.
The hound bites you but does no damage. The phantom barely misses you.
The hound barely misses you.
You hit the phantom but do no damage.
The phantom is severely damaged.
The hound bites you.
The phantom hits you but does no damage.
The hound bites you but does no damage.
The phantom hits you but does no damage.
You hit the phantom but do no damage.
The phantom is severely damaged.
The hound bites you.
* * * LOW HITPOINT WARNING * * *
The hound bites you but does no damage. The phantom barely misses you.
You hit the phantom but do no damage.
The phantom is severely damaged.
The hound closely misses you.
The phantom hits you but does no damage.
The hound barely misses you. The phantom hits you!
* * * LOW HITPOINT WARNING * * *
You block the hound's attack.
Okay, then.
Okay, then.
It was a potion of ambrosia.
You are confused.
You feel invigorated. The hound bites you but does no damage.
The phantom hits you.
You die...

...##.#....†...[#.##............#
.).##.#########.#.#####......#...
#...#.# #.#.# #...#..#... ..#.#.#
#)#.# ###.....#... #.#.#.#
#.#.####...##...... #.#.#.#
#######.#...÷'...######..
..#.#.###.......#.####...##......
###.#...#.......######......##...
....##..........@h...#.....[#....
#####....######W...#>#......##...
#....# #....#.#......##...
#####....# #....#........##...
...##....# #....#........##...
##.##.##############........###'#
#.##......#.....# #........# ###
#.#######.#.)...# #........# #..
#.####..#.#.....###........# #.#


You could see a phantom and a hound.

Vanquished Creatures
  An iguana (D:4)
  3 adders
  4 gnolls (D:2)
  2 worms (D:2)
  2 dart slugs
  4 orcs
  2 ball pythons
  3 bats
  8 endoplasms
  3 giant cockroaches
  7 goblins
  6 hobgoblins
  10 jackals
  3 quokkas
  4 frilled lizards (D:2)
  9 kobolds
  6 rats
77 creatures vanquished.

Notes
Turn   | Place    | Note
-------+----------+-------------------------------------------
     0 | D:1      | Wyvernaa the Gargoyle Fighter began the quest for the Orb.
     0 | D:1      | Reached XP level 1. HP: 14/14 MP: 1/1
   147 | D:1      | Reached XP level 2. HP: 19/19 MP: 2/2
   273 | D:1      | Found Oxine's Book Boutique.
   463 | D:1      | Reached XP level 3. HP: 19/23 MP: 3/3
  1287 | D:2      | Reached skill level 4 in Armour
  1485 | D:2      | Reached XP level 4. HP: 29/29 MP: 4/4
  1523 | D:2      | Reached skill level 1 in Stealth
  2581 | D:3      | Reached XP level 5. HP: 33/33 MP: 5/5
  3967 | D:4      | Noticed an ogre
  4288 | D:4      | Noticed a phantom
  4289 | D:4      | Noticed Eustachio
  4318 | D:3      | HP: 1/33 [phantom (8)]
  4319 | D:3      | Slain by a phantom

Illustrated notes

Levels and vault maps discovered:
D:1:      heliophobic_arrival_dark_side_of_the_moon, layout_loops_ring,
          serial_shops, nicolae_shop_temple_entry_statues_fountains
D:2:      layout_rooms
D:3:      layout_basic
D:4:      layout_basic, uniq_eustachio

Skill      XL: |  1  2  3  4 |
---------------+-------------+-----
Armour         | 4 |  4.6
Stealth        | 1 |  1.0
Maces & Flails | 3 |  3.7
Fighting       | |  3.8
Dodging        | |  0.4
Shields        | |  3.8

Action                   |  1- 3 |  4- 6 || total
-------------------------+-------+-------++-------
Melee: Flail             |   129 |   169 ||   298
  Use: Scroll            |     1 |     8 ||     9
       Potion            |       |     2 ||     2
Armor: Scale mail        |    68 |    91 ||   159
Dodge: Dodged            |    27 |    91 ||   118
Block: Kite shield       |    61 |    91 ||   152

Table legend: (Time is in decaauts)
 A = Elapsed time spent in this place.
 B = Non-inter-level travel time spent in this place.
 C = Inter-level travel time spent in this place.
 D = Time resting spent in this place.
 E = Time spent auto-exploring this place.
 F = Levels seen in this place.
 G = Mean time per level.
                   A        B        C        D        E       F      G
               +--------+--------+--------+--------+--------+-----+--------+
         Total |   4466 |   4320 |    146 |    946 |   2284 |   4 | 1116.5 |
       Dungeon |   4466 |   4320 |    146 |    946 |   2284 |   4 | 1116.5 |
               +--------+--------+--------+--------+--------+-----+--------+

Top non-repeatable levels by time:
     D:2: 1484 daAuts
     D:3: 1445 daAuts
     D:1: 1185 daAuts
     D:4: 351 daAuts
